 Dungeon Crawl Stone Soup version 0.28.0 (webtiles) character file.

Game seed: 2842186907636280834

9 ProzacElf the Sneak (level 2, -3/16 HPs)
             Began as a Spriggan Delver on Feb 18, 2022.
             Slain by a hound (4 damage)
             ... on level 5 of the Dungeon.
             The game lasted 00:01:27 (216 turns).

ProzacElf the Sneak (Spriggan Delver)                Turns: 216, Time: 00:01:28

Health: -3/16      AC:  2    Str:  8    XL:     2   Next: 6%
Magic:  3/3        EV: 17    Int: 11    God:
Gold:   10         SH:  0    Dex: 16    Spells: 1/1 levels left

rFire   . . .      SeeInvis +   a - +0 short sword
rCold   . . .      Faith    .   (no shield)
rNeg    . . .      Spirit   .   b - +0 robe
rPois   .          Reflect  .   (helmet restricted)
rElec   .          Harm     .   (no cloak)
rCorr   .          Rampage  .   (gloves unavailable)
Will    .....                   (boots unavailable)
Stlth   ++++......              (no amulet)
HPRegen 0.05/turn               (no ring)
MPRegen 0.08/turn               (no ring)

@: very quick
A: very small, no large weapons, unfitting armour, see invisible, speed 3
a: no special abilities


You were on level 5 of the Dungeon.
You visited 1 branch of the dungeon, and saw 1 of its levels.

You collected 10 gold pieces.

Inventory:

Hand Weapons
 a - a +0 short sword (weapon)
Armour
 b - a +0 robe (worn)
Magical Staves
 h - a staff of conjuration {!a}
Wands
 g - a wand of digging (3)
Scrolls
 c - a scroll of fog
 d - a scroll of magic mapping
 e - a scroll of fear
 i - a scroll of identify {unknown}
Potions
 f - a potion of haste


   Skills:
 + Level 2.5 Fighting
 + Level 2.4 Short Blades
 + Level 3.0 Dodging
 + Level 7.4 Stealth


You had one spell level left.
You didn't know any spells.
Your spell library was empty.

Dungeon Overview and Level Annotations

Branches:
Dungeon (5/15)
 Temple: D:4-7

Altars:


Innate Abilities, Weirdness & Mutations

You are very small and have problems with some larger weapons.
You are too small for most types of armour.
You have supernaturally acute eyesight. (SInv)
You cover ground extremely quickly. (Speed+++)


Message History

An adder comes inta view.
Found 15 gold pieces.
Tha helpless adder fails ta defend itself.
Ye impale tha adder!!
Ye kill tha adder!
Yer Dodgin' skill increases ta level 3!
Ye haf reached level 2!
Health restored: 16; MP restored: 3 Ye see 'ere an adder corpse.
Ye see 'ere 15 gold pieces.
Found 21 arrows.
A hound comes inta view.
Tha hound barks!
Found an 'scape hatch in tha ceilin'.
Tha hound bites ye but does nay damage.
Ye barely miss tha hound.
Tha hound bites ye.
Ye take 5 damage, an' haf 11/16 hp.
MASSIVE DAMAGE!!
Ye hit tha hound but do nay damage.
Tha hound bites ye. x2
Ye take 6 damage, an' haf 5/16 hp.
MASSIVE DAMAGE!!
Ye hit tha hound.
Tha hound be lightly wounded.
Tha hound bites ye.
* * * LOW HITPOINT WARNIN'
* * * Ye take 1 damage, an' haf 4/16 hp.
Ye hit tha hound.
Tha hound be heavily wounded.
Tha hound completely misses ye. x2; Tha hound barely misses ye.
Ye closely miss tha hound.
Tha hound be heavily wounded.
Tha hound bites ye.
* * * LOW HITPOINT WARNIN'
* * * Tha hound bites ye but does nay damage.
Tha hound closely misses ye.
Ye take 3 damage, an' haf 1/16 hp.
Ye hit tha hound.
Tha hound be heavily wounded.
Tha hound bites ye but does nay damage.
Tha hound barely misses ye.
Ye hit tha hound but do nay damage.
Tha hound be heavily wounded.
Tha hound bites ye.
Ye die...

## #. # #. ## #. # .#
##.## ...
.h####...##########....#
..+............h@h....<.
..###....##########....#
.# ##.#..# .## ##
#.....# # #.h##.# #
#..##.# # #(....#
####.##### h.h..#


You could see 2 hounds.

Vanquished Creatures
  An adder (D:5)
1 creature vanquished.

Notes
Turn   | Place    | Note
-------+----------+-------------------------------------------
     0 | D:5      | ProzacElf the Spriggan Delver began the quest for the Orb.
     0 | D:5      | Reached XP level 1. HP: 11/11 MP: 2/2
    16 | D:5      | Noticed a hound
    37 | D:5      | Noticed a black bear
   102 | D:5      | Noticed a yak
   103 | D:5      | Noticed a yak
   104 | D:5      | Noticed a yak
   114 | D:5      | Noticed a yak
   114 | D:5      | Noticed a yak
   138 | D:5      | Noticed a hound
   160 | D:5      | Reached XP level 2. HP: 16/16 MP: 3/3
   216 | D:5      | Slain by a hound

Illustrated notes

Levels and vault maps discovered:
D:5:      layout_loops_corners

Skill      XL: |  1 |
---------------+----+-----
Dodging        | 3 |  3.0
Fighting       | |  2.5
Short Blades   | |  2.4
Stealth        | |  7.4

Action                   || total
-------------------------++-------
Melee: Short sword       ||     8
 Stab: Sleeping          ||     1
Armor: Robe              ||     3
Dodge: Dodged            ||     5
